 Dungeon Sprint DCSS version 0.29.1-15-g9cfb28693d (webtiles) character file.

Game seed: 14853784961058906251

18300 boopmooplesden the Phalangite (level 12, -8/204 HPs)
             Began as a Minotaur Berserker on Mar 19, 2023.
             Was the Champion of Trog.
             Mangled by a bone dragon (15 damage)
             ... in the Dungeon (Sprint II: "The Violet Keep of Menkaure").
             The game lasted 00:08:29 (2758 turns).

boopmooplesden the Phalangite (Minotaur Berserker)  Turns: 2758, Time: 00:08:29

Health: -8/204     AC: 21    Str: 23    XL:     12   Next: 26%
Magic:  1/11       EV: 16    Int:  3    God:    Trog [******]
Gold:   780        SH:  0    Dex: 10    Spells: 11/11 levels left

rFire   . . .      SeeInvis .   l - +5 lochaber axe {reach-cleave, poleaxe}
rCold   . . .      Faith    .   (shield currently unavailable)
rNeg    + . .      Spirit   .   h - +7 ring mail of Peek-a-Boo {+Inv rN+ Int+3}
rPois   +          Reflect  .   (helmet restricted)
rElec   .          Harm     .   d - +2 cloak {rPois}
rCorr   .          Rampage  .   n - +1 pair of gloves {infuse}
Will    ++...      NoTele   +   (no boots)
Stlth   ..........              (no amulet)
HPRegen 1.44/turn               (no ring)
MPRegen 0.12/turn               (no ring)

@: berserking, strong-willed, regenerating, slow
A: horns 2, retaliatory headbutt, deterioration 1, dopey 2, weak 2, no potion
heal 1
a: Renounce Religion, Evoke Invisibility, Berserk, Trog's Hand, Brothers in Arms


You were in the Dungeon.
You worshipped Trog.
Trog was exalted by your worship.
You visited 1 branch You collected 1691 gold pieces.
You spent 911 gold pieces at shops.

Inventory:

Hand Weapons
 a - a +0 spear
 c - a +5 antimagic halberd
 l - the +5 lochaber axe (weapon) {reach-cleave, poleaxe}
   (Trog gifted it to you in the Dungeon)

   It can be evoked to extend its reach, and strikes at all foes within reach,
   dealing less damage to those not targeted.
   It uses either Axes or Polearms skill, whichever is higher.
Armour
 b - a +0 animal skin
 d - a +2 cloak of poison resistance (worn)
 h - the +7 ring mail of Peek-a-Boo (worn) {+Inv rN+ Int+3}
   (You bought it in a shop in the Dungeon)

   Int:       It affects your intelligence (+3).
   rN:        It protects you from negative energy.
   +Inv:      It lets you turn invisible.
 n - a +1 pair of gloves of infusion (worn)
Jewellery
 m - the ring "Ysis" {rC+ Str-5 Int+3 Dex+6}
   (You found it in the Dungeon)

   [ring of dexterity]

   Str:       It affects your strength (-5).
   Int:       It affects your intelligence (+3).
   Dex:       It affects your dexterity (+6).
   rC:        It protects you from cold.
 p - an amulet of guardian spirit
Scrolls
 i - 2 scrolls of immolation
Potions
 e - a potion of haste
 f - 6 potions of magic
 g - a potion of berserk rage
 j - 2 potions of degeneration {unknown}
 k - 2 potions of might
 q - a potion of heal wounds
 r - a potion of flight
 s - a potion of mutation {unknown}
 t - 2 potions of resistance
 v - a potion of brilliance {unknown}


   Skills:
 + Level 21.2 Fighting
 + Level 23.1 Polearms
 + Level 13.6 Armour
 + Level 14.2 Dodging
 + Level 4.3 Stealth


You had 11 spell levels left.
You didn't know any spells.
Your spell library was empty.

Dungeon Overview and Level Annotations

Branches:
Dungeon (1/1)

Altars:
Cheibriados
Dithmenos
Elyvilon
Fedhas
Gozag
Hepliaklqana
Kikubaaqudgha
Makhleb
Nemelex Xobeh
Okawaru
Qazlal
Ru
Sif Muna
Trog
Uskayaw
Vehumet
Wu Jian
Xom
Yredelemnul
Zin
The Shining One
Jiyva
Lugonu

Shops:
D =::!![(:!*[?=[?

Annotations:
D exclusions: ice statue and oklob plant, Roxanne


Innate Abilities, Weirdness & Mutations

You have a pair of horns on your head.
You reflexively headbutt those who attack you in melee.
Your body sometimes deteriorates upon taking damage.
You are very dopey. (Int -4)
You are very weak. (Str -4)
Potions are less effective at restoring your health.


Message History

You slice the frost giant!!
You kill the frost giant!
Trog accepts your kill.
Trog appreciates your killing of a magic user.
You hear a splash. x2
You barely miss the bone dragon.
You are engulfed in a cloud of scalding steam.
* * * LOW HITPOINT WARNING * * *
Your Polearms skill increases to level 23!
The bone dragon bites you but does no damage.
The bone dragon claws you!
* * * LOW HITPOINT WARNING * * *
The bone dragon misses you.
Items here: $ ) [ ††.
Your unstable footing causes you to fumble your attack.
The bone dragon bites you!
* * * LOW HITPOINT WARNING * * *
The bone dragon claws you.
* * * LOW HITPOINT WARNING * * *
The bone dragon barely misses you.
You slash the bone dragon! You headbutt the bone dragon!!
The bone dragon is lightly damaged.
Your unstable footing causes you to fumble your attack.
The bone dragon bites you.
* * * LOW HITPOINT WARNING * * *
The bone dragon claws you but does no damage.
The bone dragon barely misses you.
You slice the bone dragon!!
The bone dragon is moderately damaged.
You barely miss the bone dragon.
The bone dragon is moderately damaged.
The bone dragon misses you. x2; The bone dragon tramples you!
* * * LOW HITPOINT WARNING * * *
You stumble backwards!
Splash!
You slice the bone dragon!!
The bone dragon is heavily damaged.
Your unstable footing causes you to fumble your attack.
The bone dragon bites you!
You die...

*,,,,,,*,,*******,****,,,,,,
*+******+**,,####+####,,,,,,
*∩∩∩∩∩∩*,,+,##.......##⌠,,,,
*∩∩∩∩∩∩*,,###....°.°..##,,,,
*****###*,,°°°°.°8...°.#*++*
*,,D##...####°°...)...#*~,,,
*,,,.......~##.°.....#*,~,^,
############D[#+++#+++##***^,
###########~@~.........#,,+,,
##.......∩#)~~~.##'##..#,,***
##∩.....∩.#~~~~##.####.####,,
##.∩...∩.∩#~~~~#)##..#,...#,,
##∩.∩...∩.#~~####)..####..##*
##.∩.∩.∩..#~##.###'###.##..#,
##..∩.∩...#~#...##.##...#..#,
##...⌠....'~'.#)'.<.'.##'..##
##........#~#)..##.##...#...§


You could see a bone dragon.

Vanquished Creatures
  A golden dragon (D)
  A kraken (D)
  2 sphinxes (D)
  Kirke (D)
  A frost giant (D)
  A yaktaur captain (D)
  2 boulder beetles (D)
  A centaur warrior (D)
  A skeletal warrior (D)
  2 deep trolls (D)
  2 shining eyes (D)
  A merfolk siren (D)
  A yaktaur (D)
  3 polar bears (D)
  A hornet (D)
  12 flying skulls (D)
  4 neqoxecs (D)
  A vampire mosquito (D)
  Menkaure (D)
  5 water moccasins (D)
  4 necrophages (D)
  4 tentacles (D)
52 creatures vanquished.

Vanquished Creatures (collateral kills)
  A storm dragon (D)
  A cacodemon (D)
  A deep elf high priest (D)
3 creatures vanquished.

Vanquished Creatures (others)
  A shining eye (D)
  An elephant (D)
  A kobold demonologist (D)
  8 tentacles (D)
11 creatures vanquished.

Grand Total: 66 creatures vanquished

Notes
Turn   | Place    | Note
-------+----------+-------------------------------------------
     0 | D        | boopmooplesden the Minotaur Berserker began the quest for
                  | the Orb.
     0 | D        | Reached XP level 1. HP: 19/19 MP: 0/0
     1 | D        | Noticed a necrophage
     1 | D        | Noticed a necrophage
     1 | D        | Noticed a necrophage
     1 | D        | Noticed a necrophage
     9 | D        | Killed a necrophage
    10 | D        | Reached skill level 7 in Polearms
    10 | D        | Reached XP level 2. HP: 31/31 MP: 1/1
    10 | D        | Reached XP level 3. HP: 38/38 MP: 2/2
    13 | D        | Killed a necrophage
    14 | D        | Reached skill level 8 in Polearms
    14 | D        | Reached XP level 4. HP: 48/48 MP: 3/3
    19 | D        | Killed a necrophage
    19 | D        | Reached ** piety under Trog
    20 | D        | Reached skill level 9 in Polearms
    20 | D        | Reached XP level 5. HP: 56/56 MP: 4/4
    23 | D        | Noticed Menkaure
    31 | D        | Reached skill level 10 in Polearms
    31 | D        | Reached skill level 5 in Armour
    33 | D        | Killed Menkaure
    34 | D        | Reached skill level 10 in Fighting
    34 | D        | Reached skill level 11 in Polearms
    34 | D        | Reached skill level 5 in Dodging
    34 | D        | Reached XP level 6. HP: 7/66 MP: 5/5
   308 | D        | Noticed a neqoxec
   308 | D        | Noticed a neqoxec
   308 | D        | Noticed a neqoxec
   308 | D        | Noticed a neqoxec
   314 | D        | Killed a neqoxec
   314 | D        | Reached *** piety under Trog
   314 | D        | Lost intelligence.
   315 | D        | Reached skill level 12 in Polearms
   319 | D        | Killed a neqoxec
   320 | D        | Reached XP level 7. HP: 75/75 MP: 6/6
   323 | D        | Killed a neqoxec
   323 | D        | Gained mutation: You are weak. (Str -2) [a neqoxec]
   324 | D        | Reached skill level 13 in Polearms
   325 | D        | Gained mutation: Your body sometimes deteriorates upon
                  | taking damage. [a neqoxec]
   327 | D        | Killed a neqoxec
   327 | D        | Reached **** piety under Trog
   467 | D        | Noticed a boulder beetle
   467 | D        | Noticed a boulder beetle
   470 | D        | Noticed a merfolk siren
   477 | D        | Killed a merfolk siren
   478 | D        | Reached skill level 14 in Polearms
   478 | D        | Reached XP level 8. HP: 86/86 MP: 7/7
   504 | D        | Found Ziziaph's Distillery.
   504 | D        | Found Wauwiuk's Antique Armour Emporium.
   504 | D        | Found Huoxypp's Jewellery Emporium.
   504 | D        | Found Ezummoer's General Store.
   505 | D        | Found Zushruocw's Book Shoppe.
   505 | D        | Found Noatec's Magic Scroll Emporium.
   505 | D        | Found Nyschidd's Magic Scroll Shoppe.
   505 | D        | Found Pejumokh's Antique Armour Shoppe.
   506 | D        | Found Ympeo's Antique Weapon Shoppe.
   506 | D        | Found Wopyar's Antique Armour Emporium.
   556 | D        | Found Burores's Distillery.
   556 | D        | Found Ciky's Distillery.
   556 | D        | Noticed an oklob plant
   591 | D        | Reached ***** piety under Trog
   592 | D        | Reached skill level 15 in Polearms
   595 | D        | Found Fofyrgh's Book Shoppe.
   595 | D        | Found Taidel's Book Shoppe.
   595 | D        | Found Kuforch's Jewellery Emporium.
   685 | D        | Noticed a great orb of eyes
   687 | D        | Bought a runed halberd for 168 gold pieces
   690 | D        | Bought a runed cloak for 232 gold pieces
   690 | D        | Bought a fine ring mail for 279 gold pieces
   690 | D        | Identified the +7 ring mail of Peek-a-Boo {+Inv rN+ Int+3}
                  | (You bought it in a shop in the Dungeon)
   905 | D        | Found a snail-covered altar of Cheibriados.
   906 | D        | Found a shadowy altar of Dithmenos.
   906 | D        | Found a viscous altar of Jiyva.
   907 | D        | Found a white marble altar of Elyvilon.
   907 | D        | Found an ancient bone altar of Kikubaaqudgha.
   908 | D        | Found a blossoming altar of Fedhas.
   908 | D        | Found a corrupted altar of Lugonu.
   908 | D        | Found a shimmering blue altar of Sif Muna.
   909 | D        | Found an opulent altar of Gozag.
   909 | D        | Found a burning altar of Makhleb.
   909 | D        | Found a bloodstained altar of Trog.
   910 | D        | Found a sparkling altar of Nemelex Xobeh.
   910 | D        | Found a hide-covered altar of Uskayaw.
   911 | D        | Found an iron altar of Okawaru.
   911 | D        | Found a radiant altar of Vehumet.
   911 | D        | Found a glowing silver altar of Zin.
   911 | D        | Found a basalt altar of Yredelemnul.
   911 | D        | Noticed a polar bear
   917 | D        | Killed a polar bear
   918 | D        | Noticed a yaktaur
   918 | D        | Noticed a hornet
   918 | D        | Noticed a polar bear
   921 | D        | Killed a polar bear
   921 | D        | Noticed a polar bear
   922 | D        | Reached skill level 1 in Stealth
   924 | D        | Killed a polar bear
   925 | D        | Reached skill level 15 in Fighting
   925 | D        | Reached skill level 16 in Polearms
   925 | D        | Reached XP level 9. HP: 97/97 MP: 2/8
   931 | D        | Killed a yaktaur
   969 | D        | Noticed a kraken
   977 | D        | Reached skill level 17 in Polearms
   982 | D        | Received a gift from Trog
  1007 | D        | Killed a kraken
  1008 | D        | Reached skill level 18 in Polearms
  1025 | D        | Reached XP level 10. HP: 41/110 MP: 3/9
  1316 | D        | Found a shimmering altar of Xom.
  1316 | D        | Found a sacrificial altar of Ru.
  1317 | D        | Found a glowing golden altar of the Shining One.
  1317 | D        | Found an ornate altar of the Wu Jian Council.
  1317 | D        | Found a stormy altar of Qazlal.
  1443 | D        | Found a hazy altar of Hepliaklqana.
  1473 | D        | Received a gift from Trog
  1474 | D        | Reached skill level 10 in Dodging
  1496 | D        | Reached ****** piety under Trog
  1497 | D        | Reached skill level 19 in Polearms
  1712 | D        | Noticed a deep troll
  1712 | D        | Noticed a deep troll
  1717 | D        | Killed a deep troll
  1718 | D        | Reached skill level 10 in Armour
  1723 | D        | Killed a deep troll
  1789 | D        | Noticed a sphinx
  1789 | D        | Noticed a sphinx
  1798 | D        | Killed a sphinx
  1798 | D        | Received a gift from Trog
  1798 | D        | Found the +5 lochaber axe {reach-cleave, poleaxe}
  1799 | D        | Reached XP level 11. HP: 121/121 MP: 3/10
  1800 | D        | Killed a sphinx
  1801 | D        | Reached skill level 20 in Polearms
  1862 | D        | Identified the ring "Ysis" {rC+ Str-5 Int+3 Dex+6}
  1875 | D        | Noticed Roxanne
  2062 | D        | Killed a boulder beetle
  2070 | D        | Killed a boulder beetle
  2099 | D        | Bought a pair of runed gloves for 232 gold pieces
  2137 | D        | Noticed Kirke
  2137 | D        | Noticed a yaktaur captain
  2138 | D        | Noticed a lindwurm
  2154 | D        | Killed a yaktaur captain
  2154 | D        | Received a gift from Trog
  2157 | D        | Noticed a skeletal warrior
  2210 | D        | Noticed a centaur warrior
  2212 | D        | Killed a centaur warrior
  2237 | D        | Killed a skeletal warrior
  2238 | D        | Reached skill level 21 in Polearms
  2253 | D        | Noticed a shining eye
  2255 | D        | Noticed a shining eye
  2258 | D        | Gained mutation: You are dopey. (Int -2) [a shining eye]
  2259 | D        | Gained mutation: You are very dopey. (Int -4) [a shining
                  | eye]
  2264 | D        | Killed a shining eye
  2267 | D        | Gained mutation: You are very weak. (Str -4) [a shining
                  | eye]
  2268 | D        | Killed a shining eye
  2272 | D        | Lost intelligence.
  2525 | D        | Killed a shining eye
  2691 | D        | Killed Kirke
  2726 | D        | Noticed a cacodemon
  2726 | D        | Noticed a bone dragon
  2726 | D        | Gained mutation: Potions are less effective at restoring
                  | your health. [a cacodemon]
  2727 | D        | Noticed a deep elf high priest
  2735 | D        | Killed a deep elf high priest
  2735 | D        | Received a gift from Trog
  2737 | D        | Killed a cacodemon
  2738 | D        | Reached skill level 22 in Polearms
  2739 | D        | Noticed a frost giant
  2739 | D        | Noticed a golden dragon
  2739 | D        | Noticed a storm dragon
  2742 | D        | Killed a storm dragon
  2743 | D        | Reached XP level 12. HP: 102/134 MP: 7/11
  2746 | D        | Killed a golden dragon
  2750 | D        | Killed a frost giant
  2751 | D        | Reached skill level 23 in Polearms
  2756 | D        | HP: 5/204 [bone dragon (11)]
  2758 | D        | Mangled by a bone dragon

Illustrated notes

Levels and vault maps discovered:
D:        the_violet_keep_of_menkaure [sprint2_stairs_cluster_1,
          sprint2_shoproom, sprint2_temple, sprint2_basic_supplies,
          sprint2_obstacle_6, sprint2_obstacle_1, sprint2_obstacle_2,
          sprint2_obstacle_7, sprint2_obstacle_5, sprint2_timed_cluster_1,
          sprint2_smallroom_cluster_1, sprint2_smallroom_final_cluster_1,
          sprint2_transparent_cluster_1, sprint2_second_timed_cluster_1,
          sprint2_sniper_area_1, sprint2_heavy_combat_area_1,
          sprint2_mutation_trap_area_1, sprint2_forest_area_1,
          sprint2_light_combat_area_1, sprint2_behind_water_1,
          sprint2_near_end_vault_1]

Skill      XL: |  1  2  3  4  5  6  7  8  9 10 11 12 |
---------------+-------------------------------------+-----
Fighting       | 6 7 8 10 11 13 15 16 18 20 21 | 21.2
Polearms       | 7 8 9 11 12 14 16 18 19 22 23 | 23.1
Armour         | 3 4 5 6 7 8 11 13 | 13.6
Dodging        | 3 4 5 6 7 8 9 11 13 14 | 14.2
Stealth        | 1 3 4 |  4.3

Action                   |  1- 3 |  4- 6 |  7- 9 | 10-12 || total
-------------------------+-------+-------+-------+-------++-------
Melee: Spear             |    11 |    24 |    36 |       ||    71
       Headbutt          |     2 |       |    15 |    21 ||    38
       Halberd           |       |       |    40 |    82 ||   122
       Lochaber axe      |       |       |       |    58 ||    58
Invok: Berserk           |     1 |     1 |     4 |     5 ||    11
       Trog's Hand       |       |       |       |     1 ||     1
       Brothers in Arms  |       |       |       |     1 ||     1
  Use: Potion            |       |     1 |     1 |     6 ||     8
       Scroll            |       |       |     1 |     8 ||     9
 Stab: Distracted        |       |       |       |     1 ||     1
Armor: Animal skin       |       |     1 |     2 |       ||     3
       Ring mail         |       |       |    18 |    51 ||    69
Dodge: Dodged            |     2 |    12 |    64 |    87 ||   165
